Avalanche vs Sharks

Created - February 4 2007 at 12:20

Goals
1 2 3 OT1 T
Avalanche 1 1 0 0 2
Sharks 0 2 0 1 3
Shots
1 2 3 OT1 T
Avalanche 15 12 10 5 42
Sharks 4 11 5 2 22

Period #1

1. Avalanche , Vyacheslav Kozlov 11 (Joe Sakic, Alexei Zhitnik) at 5:32 (PP)

Penalities :
Jordan Leopold (COL) for High sticking (Minor) at 0:43, Markus Naslund (SJS) for Kneeing (Major) at 4:05, Ossi Vaananen (COL) for Slashing (Minor) at 9:47, Peter Bondra (COL) for Charging (Minor) at 16:57

Period #2

2. Sharks , Jonathan Cheechoo 16 (Joe Thornton, Scott Hannan) at 4:27
3. Avalanche , Joe Sakic 14 (Alexei Zhitnik, Vyacheslav Kozlov) at 16:54 (PP)
4. Sharks , Dustin Brown 4 (Markus Naslund, Patrick Marleau) at 17:50

Penalities :
Richard Jackman (SJS) for Elbowing (Minor) at 1:40, Jonathan Cheechoo (SJS) for Hooking (Minor) at 7:22, Niklas Kronwall (SJS) for High sticking (Double Minor) at 11:29, Markus Naslund (SJS) for Delaying the game (Minor) at 16:23, Steve Bernier (SJS) for High sticking (Minor) at 18:05

Period #3

No Goal

Penalities :
Niklas Kronwall (SJS) for Diving (Minor) at 5:02, Scott Hannan (SJS) for Delaying the game (Minor) at 9:31, Barret Jackman (SJS) for Cross-checking (Minor) at 12:19, Steve Bernier (SJS) for Checking from behind (Major) at 14:37

Overtime #1

5. Sharks , Jonathan Cheechoo 17 (Joe Thornton, Kyle McLaren) at 3:14

Penalities :
No Penalty

Goalie Stats

Jose Theodore (COL), 19 saves from 22 shots - (0.864), OTL, 11-8-1, 63:15 minutes
Rick DiPietro (SJS), 40 saves from 42 shots - (0.952), W, 12-9-0, 63:15 minutes

Players Stats

Avalanche
Player Name              G  A  P  +/- PIM S  H  SB FO MP 
-----------------------------------------------------------
Ales Kotalik             0  0  0   0  0   2  0  0  3  20 
Alexei Zhitnik           0  2  2  -2  0   1  1  0  0  25 
Antti Laaksonen          0  0  0  -1  0   1  1  0  2  12 
Brett Clark              0  0  0  -2  0   4  2  1  0  26 
Brett McLean             0  0  0  -1  0   2  0  0  5  9  
Jaroslav Spacek          0  0  0  -1  0   0  1  1  0  13 
Joe Sakic                1  1  2  -1  0   5  2  1  32 24 
Jordan Leopold           0  0  0   0  2   1  1  2  0  25 
Karlis Skrastins         0  0  0  -1  0   1  0  0  0  19 
Marek Svatos             0  0  0   0  0   2  0  0  2  20 
Mike York                0  0  0   0  0   4  0  0  7  24 
Ossi Vaananen            0  0  0   0  2   0  1  2  0  21 
Peter Bondra             0  0  0  -1  2   2  1  0  0  12 
Pierre Turgeon           0  0  0   0  0   5  0  1  26 18 
Steve Konowalchuk        0  0  0  -1  0   1  0  0  2  6  
Tyler Arnason            0  0  0  -1  0   2  0  0  9  13 
Vyacheslav Kozlov        1  1  2  -1  0   6  0  0  3  24 
Wojtek Wolski            0  0  0  -1  0   3  0  0  0  12 
Sharks
Player Name              G  A  P  +/- PIM S  H  SB FO MP 
-----------------------------------------------------------
Alyn McCauley            0  0  0   0  0   2  0  0  3  22 
Barret Jackman           0  0  0   0  2   0  3  2  0  16 
Curtis Brown             0  0  0   0  0   0  0  0  23 20 
Dustin Brown             1  0  1   1  0   3  3  0  1  10 
Grant Stevenson          0  0  0   0  0   0  0  0  0  0  
Joe Thornton             0  2  2   2  0   5  1  0  36 28 
Jonathan Cheechoo        2  0  2   2  2   6  1  0  0  18 
Kyle McLaren             0  1  1   2  0   0  1  1  0  27 
Markus Naslund           0  1  1   1  7   1  1  0  2  17 
Matt Carle               0  0  0   1  0   0  0  3  0  25 
Mike Grier               0  0  0   0  0   1  0  0  2  13 
Milan Michalek           0  0  0   1  0   0  0  0  3  15 
Niklas Kronwall          0  0  0   0  6   0  0  0  0  9  
Patrick Marleau          0  1  1   1  0   1  0  0  21 20 
Richard Jackman          0  0  0   1  2   1  1  5  0  23 
Scott Hannan             0  1  1   2  2   1  0  4  0  27 
Steve Bernier            0  0  0   0  7   1  1  0  0  12 
Ville Nieminen           0  0  0   0  0   0  0  0  0  0  

3 Stars

1 - Jonathan Cheechoo (SJS)
2 - Rick DiPietro (SJS)
3 - Dustin Brown (SJS)

Power Play

Avalanche - 2 on 10 Attempt(s) - 20.00%
Sharks - 0 on 3 Attempt(s) - 0.00%

Penalty Kill

Avalanche - 3 on 3 Attempt(s) - 100.00% - Score 0 goal in Penalty Kill
Sharks - 8 on 10 Attempt(s) - 80.00% - Score 0 goal in Penalty Kill

Game Notes

No Game Note

Finance

Level 1 -- Attendance: 3860 (70.18%) -- Ticket Income $386,000.00
Level 2 -- Attendance: 3233 (71.84%) -- Ticket Income $193,980.00
Level 3 -- Attendance: 1726 (86.28%) -- Ticket Income $60,410.00
Level 4 -- Attendance: 4145 (92.46%) -- Ticket Income $82,900.00
Luxury Box -- Attendance: 725 (72.50%) -- Ticket Income $145,000.00
Game was played at the HP Pavilion
Total Attendance: 13689 (78.30%)
Total Ticket Income: $909,260.60
Other Income: $55,612.50
Total Income: $964,873.00


Play by Play

Period #1

0:01 of 1st period - Joe Thornton wins face-off versus Marek Svatos in neutral zone.
0:27 of 1st period - Icing by Marek Svatos.
0:28 of 1st period - Joe Sakic wins face-off versus Patrick Marleau in Avalanche zone.
0:42 of 1st period - Markus Naslund is hit by Jordan Leopold and loses puck.
0:43 of 1st period - Minor Penalty to Jordan Leopold for High sticking.
0:44 of 1st period - Mike York wins face-off versus Patrick Marleau in Avalanche zone.
0:44 of 1st period - Antti Laaksonen is hit by Richard Jackman and loses puck.
1:32 of 1st period - Shot by Mike York.
1:32 of 1st period - Shot Misses the Net.
1:37 of 1st period - Shot by Antti Laaksonen.
1:37 of 1st period - Stopped by Rick DiPietro without a rebound.
1:38 of 1st period - Vyacheslav Kozlov wins face-off versus Joe Thornton in Sharks zone.
2:52 of 1st period - Alyn McCauley is hit by Peter Bondra and loses puck.
3:10 of 1st period - Shot by Wojtek Wolski.
3:10 of 1st period - Stopped by Rick DiPietro without a rebound.
3:11 of 1st period - Joe Thornton wins face-off versus Pierre Turgeon in Sharks zone.
3:30 of 1st period - Shot by Ales Kotalik.
3:30 of 1st period - Shot Misses the Net.
3:33 of 1st period - Shot by Ales Kotalik.
3:33 of 1st period - Shot Blocked by Kyle McLaren.
3:36 of 1st period - Shot by Pierre Turgeon.
3:36 of 1st period - Stopped by Rick DiPietro without a rebound.
3:37 of 1st period - Joe Sakic wins face-off versus Patrick Marleau in Sharks zone.
3:37 of 1st period - Marek Svatos is hit by Markus Naslund and loses puck.
3:40 of 1st period - Icing by Matt Carle.
3:41 of 1st period - Patrick Marleau wins face-off versus Tyler Arnason in Sharks zone.
4:05 of 1st period - Major Penalty to Markus Naslund for Kneeing.
4:06 of 1st period - Pierre Turgeon wins face-off versus Curtis Brown in Avalanche zone.
4:11 of 1st period - Shot by Pierre Turgeon.
4:11 of 1st period - Stopped by Rick DiPietro without a rebound.
4:12 of 1st period - Joe Sakic wins face-off versus Alyn McCauley in Sharks zone.
4:15 of 1st period - Shot by Vyacheslav Kozlov.
4:15 of 1st period - Stopped by Rick DiPietro without a rebound.
4:16 of 1st period - Curtis Brown wins face-off versus Pierre Turgeon in Sharks zone.
4:33 of 1st period - Shot by Ales Kotalik.
4:33 of 1st period - Shot Misses the Net.
5:32 of 1st period - Shot by Vyacheslav Kozlov.
5:32 of 1st period - Goal by Vyacheslav Kozlov.
5:33 of 1st period - Curtis Brown wins face-off versus Joe Sakic in neutral zone.
5:42 of 1st period - Shot by Marek Svatos.
5:42 of 1st period - Shot Misses the Net.
5:43 of 1st period - Shot by Brett Clark.
5:43 of 1st period - Stopped by Rick DiPietro without a rebound.
5:44 of 1st period - Curtis Brown wins face-off versus Vyacheslav Kozlov in Sharks zone.
5:55 of 1st period - Shot by Marek Svatos.
5:55 of 1st period - Shot Blocked by Scott Hannan.
5:58 of 1st period - Shot by Joe Sakic.
5:58 of 1st period - Shot Hit the Post.
6:01 of 1st period - Shot by Joe Sakic.
6:01 of 1st period - Stopped by Rick DiPietro with a rebound.
6:02 of 1st period - Shot by Brett Clark.
6:02 of 1st period - Shot Blocked by Barret Jackman.
7:10 of 1st period - Off-side.
7:11 of 1st period - Joe Sakic wins face-off versus Patrick Marleau in neutral zone.
9:24 of 1st period - Shot by Wojtek Wolski.
9:24 of 1st period - Shot Misses the Net.
9:29 of 1st period - Shot by Tyler Arnason.
9:29 of 1st period - Stopped by Rick DiPietro without a rebound.
9:30 of 1st period - Joe Thornton wins face-off versus Steve Konowalchuk in Sharks zone.
9:34 of 1st period - Jonathan Cheechoo is hit by Antti Laaksonen and loses puck.
9:47 of 1st period - Minor Penalty to Ossi Vaananen for Slashing.
9:48 of 1st period - Mike York wins face-off versus Patrick Marleau in Avalanche zone.
10:41 of 1st period - Shot by Joe Thornton.
10:41 of 1st period - Shot Misses the Net.
10:44 of 1st period - Shot by Markus Naslund.
10:44 of 1st period - Shot Blocked by Joe Sakic.
10:47 of 1st period - Shot by Joe Thornton.
10:47 of 1st period - Stopped by Jose Theodore with a rebound.
11:18 of 1st period - Shot by Steve Bernier.
11:18 of 1st period - Shot Misses the Net.
11:19 of 1st period - Shot by Richard Jackman.
11:19 of 1st period - Stopped by Jose Theodore without a rebound.
11:20 of 1st period - Joe Sakic wins face-off versus Curtis Brown in Avalanche zone.
12:15 of 1st period - Shot by Wojtek Wolski.
12:15 of 1st period - Shot Misses the Net.
12:20 of 1st period - Shot by Wojtek Wolski.
12:20 of 1st period - Stopped by Rick DiPietro without a rebound.
12:21 of 1st period - Joe Thornton wins face-off versus Pierre Turgeon in Sharks zone.
12:30 of 1st period - Shot by Joe Thornton.
12:30 of 1st period - Stopped by Jose Theodore without a rebound.
12:31 of 1st period - Joe Sakic wins face-off versus Patrick Marleau in Avalanche zone.
12:56 of 1st period - Shot by Jordan Leopold.
12:56 of 1st period - Shot Blocked by Richard Jackman.
13:25 of 1st period - Shot by Pierre Turgeon.
13:25 of 1st period - Stopped by Rick DiPietro without a rebound.
13:26 of 1st period - Tyler Arnason wins face-off versus Joe Thornton in Sharks zone.
14:03 of 1st period - Shot by Peter Bondra.
14:03 of 1st period - Stopped by Rick DiPietro without a rebound.
14:04 of 1st period - Curtis Brown wins face-off versus Pierre Turgeon in Sharks zone.
14:19 of 1st period - Shot by Vyacheslav Kozlov.
14:19 of 1st period - Stopped by Rick DiPietro without a rebound.
14:20 of 1st period - Patrick Marleau wins face-off versus Brett McLean in Sharks zone.
14:24 of 1st period - Markus Naslund is hit by Alexei Zhitnik and loses puck.
14:52 of 1st period - Shot by Steve Konowalchuk.
14:52 of 1st period - Stopped by Rick DiPietro without a rebound.
14:53 of 1st period - Curtis Brown wins face-off versus Tyler Arnason in Sharks zone.
15:12 of 1st period - Shot by Barret Jackman.
15:12 of 1st period - Shot Misses the Net.
15:15 of 1st period - Shot by Alyn McCauley.
15:15 of 1st period - Shot Blocked by Jaroslav Spacek.
15:16 of 1st period - Shot by Niklas Kronwall.
15:16 of 1st period - Stopped by Jose Theodore without a rebound.
15:17 of 1st period - Pierre Turgeon wins face-off versus Milan Michalek in Avalanche zone.
15:39 of 1st period - Off-side.
15:40 of 1st period - Curtis Brown wins face-off versus Joe Sakic in neutral zone.
15:44 of 1st period - Icing by Alexei Zhitnik.
15:45 of 1st period - Joe Thornton wins face-off versus Joe Sakic in Avalanche zone.
16:10 of 1st period - Shot by Jonathan Cheechoo.
16:10 of 1st period - Shot Blocked by Jordan Leopold.
16:42 of 1st period - Icing by Joe Thornton.
16:43 of 1st period - Pierre Turgeon wins face-off versus Joe Thornton in Sharks zone.
16:52 of 1st period - Shot by Vyacheslav Kozlov.
16:52 of 1st period - Stopped by Rick DiPietro without a rebound.
16:53 of 1st period - Patrick Marleau wins face-off versus Tyler Arnason in Sharks zone.
16:57 of 1st period - Minor Penalty to Peter Bondra for Charging.
16:58 of 1st period - Mike York wins face-off versus Patrick Marleau in Avalanche zone.
18:44 of 1st period - Icing by Jonathan Cheechoo.
18:45 of 1st period - Joe Sakic wins face-off versus Joe Thornton in Sharks zone.
19:08 of 1st period - Shot by Peter Bondra.
19:08 of 1st period - Shot Misses the Net.

Period #2

0:01 of 2nd period - Milan Michalek wins face-off versus Joe Sakic in neutral zone.
0:25 of 2nd period - Joe Sakic is hit by Kyle McLaren and loses puck.
1:40 of 2nd period - Minor Penalty to Richard Jackman for Elbowing.
1:41 of 2nd period - Pierre Turgeon wins face-off versus Mike Grier in Sharks zone.
2:57 of 2nd period - Icing by Karlis Skrastins.
2:58 of 2nd period - Markus Naslund wins face-off versus Brett McLean in Avalanche zone.
3:25 of 2nd period - Shot by Mike York.
3:25 of 2nd period - Stopped by Rick DiPietro without a rebound.
3:26 of 2nd period - Patrick Marleau wins face-off versus Pierre Turgeon in Sharks zone.
4:09 of 2nd period - Shot by Wojtek Wolski.
4:09 of 2nd period - Stopped by Rick DiPietro without a rebound.
4:10 of 2nd period - Brett McLean wins face-off versus Joe Thornton in Sharks zone.
4:21 of 2nd period - Shot by Brett McLean.
4:21 of 2nd period - Shot Blocked by Scott Hannan.
4:26 of 2nd period - Shot by Jonathan Cheechoo.
4:26 of 2nd period - Shot Blocked by Brett Clark.
4:27 of 2nd period - Shot by Joe Thornton.
4:27 of 2nd period - Goal by Jonathan Cheechoo.
4:28 of 2nd period - Curtis Brown wins face-off versus Pierre Turgeon in neutral zone.
4:30 of 2nd period - Niklas Kronwall is hit by Brett Clark and loses puck.
5:00 of 2nd period - Shot by Steve Bernier.
5:00 of 2nd period - Shot Blocked by Pierre Turgeon.
5:15 of 2nd period - Shot by Jonathan Cheechoo.
5:15 of 2nd period - Shot Blocked by Ossi Vaananen.
5:16 of 2nd period - Shot by Scott Hannan.
5:16 of 2nd period - Shot Misses the Net.
5:41 of 2nd period - Shot by Joe Thornton.
5:41 of 2nd period - Shot Misses the Net.
5:42 of 2nd period - Shot by Joe Thornton.
5:42 of 2nd period - Shot Blocked by Ossi Vaananen.
5:52 of 2nd period - Off-side.
5:53 of 2nd period - Patrick Marleau wins face-off versus Mike York in neutral zone.
6:00 of 2nd period - Shot by Markus Naslund.
6:00 of 2nd period - Shot Misses the Net.
6:07 of 2nd period - Shot by Patrick Marleau.
6:07 of 2nd period - Stopped by Jose Theodore with a rebound.
6:35 of 2nd period - Joe Sakic is hit by Dustin Brown and loses puck.
7:13 of 2nd period - Shot by Steve Bernier.
7:13 of 2nd period - Stopped by Jose Theodore without a rebound.
7:14 of 2nd period - Antti Laaksonen wins face-off versus Joe Thornton in Avalanche zone.
7:22 of 2nd period - Minor Penalty to Jonathan Cheechoo for Hooking.
7:23 of 2nd period - Joe Sakic wins face-off versus Alyn McCauley in Sharks zone.
8:04 of 2nd period - Shot by Mike York.
8:04 of 2nd period - Stopped by Rick DiPietro without a rebound.
8:05 of 2nd period - Brett McLean wins face-off versus Joe Thornton in Sharks zone.
8:34 of 2nd period - Shot by Brett McLean.
8:34 of 2nd period - Shot Misses the Net.
8:37 of 2nd period - Shot by Jordan Leopold.
8:37 of 2nd period - Shot Blocked by Scott Hannan.
8:38 of 2nd period - Shot by Jordan Leopold.
8:38 of 2nd period - Stopped by Rick DiPietro without a rebound.
8:39 of 2nd period - Joe Thornton wins face-off versus Pierre Turgeon in Sharks zone.
8:51 of 2nd period - Icing by Ossi Vaananen.
8:52 of 2nd period - Pierre Turgeon wins face-off versus Joe Thornton in Avalanche zone.
9:23 of 2nd period - Shot by Marek Svatos.
9:23 of 2nd period - Shot Blocked by Barret Jackman.
9:42 of 2nd period - Shot by Wojtek Wolski.
9:42 of 2nd period - Stopped by Rick DiPietro without a rebound.
9:43 of 2nd period - Milan Michalek wins face-off versus Brett McLean in Sharks zone.
10:02 of 2nd period - Shot by Brett McLean.
10:02 of 2nd period - Stopped by Rick DiPietro with a rebound.
10:03 of 2nd period - Shot by Alexei Zhitnik.
10:03 of 2nd period - Stopped by Rick DiPietro without a rebound.
10:04 of 2nd period - Patrick Marleau wins face-off versus Tyler Arnason in Sharks zone.
10:25 of 2nd period - Shot by Dustin Brown.
10:25 of 2nd period - Shot Misses the Net.
10:30 of 2nd period - Shot by Dustin Brown.
10:30 of 2nd period - Stopped by Jose Theodore without a rebound.
10:31 of 2nd period - Curtis Brown wins face-off versus Pierre Turgeon in Avalanche zone.
10:50 of 2nd period - Shot by Pierre Turgeon.
10:50 of 2nd period - Stopped by Rick DiPietro without a rebound.
10:51 of 2nd period - Joe Thornton wins face-off versus Joe Sakic in Sharks zone.
11:00 of 2nd period - Shot by Jonathan Cheechoo.
11:00 of 2nd period - Stopped by Jose Theodore with a rebound.
11:03 of 2nd period - Shot by Joe Thornton.
11:03 of 2nd period - Stopped by Jose Theodore without a rebound.
11:04 of 2nd period - Joe Thornton wins face-off versus Tyler Arnason in Avalanche zone.
11:21 of 2nd period - Shot by Joe Thornton.
11:21 of 2nd period - Stopped by Jose Theodore with a rebound.
11:22 of 2nd period - Shot by Scott Hannan.
11:22 of 2nd period - Stopped by Jose Theodore without a rebound.
11:23 of 2nd period - Joe Sakic wins face-off versus Curtis Brown in Avalanche zone.
11:29 of 2nd period - Double Minor Penalty to Niklas Kronwall for High sticking.
11:30 of 2nd period - Pierre Turgeon wins face-off versus Mike Grier in neutral zone.
12:03 of 2nd period - Shot by Pierre Turgeon.
12:03 of 2nd period - Stopped by Rick DiPietro with a rebound.
12:06 of 2nd period - Shot by Mike York.
12:06 of 2nd period - Shot Misses the Net.
12:27 of 2nd period - Shot by Vyacheslav Kozlov.
12:27 of 2nd period - Shot Blocked by Matt Carle.
12:28 of 2nd period - Shot by Brett Clark.
12:28 of 2nd period - Stopped by Rick DiPietro without a rebound.
12:29 of 2nd period - Joe Thornton wins face-off versus Joe Sakic in Sharks zone.
12:44 of 2nd period - Shot by Joe Thornton.
12:44 of 2nd period - Stopped by Jose Theodore without a rebound.
12:45 of 2nd period - Joe Sakic wins face-off versus Curtis Brown in Avalanche zone.
13:33 of 2nd period - Icing by Jordan Leopold.
13:34 of 2nd period - Pierre Turgeon wins face-off versus Curtis Brown in Avalanche zone.
14:48 of 2nd period - Icing by Jordan Leopold.
14:49 of 2nd period - Joe Thornton wins face-off versus Pierre Turgeon in Avalanche zone.
15:37 of 2nd period - Wojtek Wolski is hit by Barret Jackman and loses puck.
15:54 of 2nd period - Peter Bondra is hit by Barret Jackman and loses puck.
16:23 of 2nd period - Minor Penalty to Markus Naslund for Delaying the game.
16:24 of 2nd period - Joe Sakic wins face-off versus Joe Thornton in Avalanche zone.
16:37 of 2nd period - Shot by Vyacheslav Kozlov.
16:37 of 2nd period - Shot Blocked by Richard Jackman.
16:38 of 2nd period - Shot by Brett Clark.
16:38 of 2nd period - Shot Misses the Net.
16:39 of 2nd period - Shot by Brett Clark.
16:39 of 2nd period - Stopped by Rick DiPietro without a rebound.
16:40 of 2nd period - Joe Thornton wins face-off versus Joe Sakic in Sharks zone.
16:51 of 2nd period - Shot by Vyacheslav Kozlov.
16:51 of 2nd period - Shot Misses the Net.
16:54 of 2nd period - Shot by Joe Sakic.
16:54 of 2nd period - Goal by Joe Sakic.
16:55 of 2nd period - Joe Thornton wins face-off versus Antti Laaksonen in neutral zone.
17:27 of 2nd period - Off-side.
17:28 of 2nd period - Tyler Arnason wins face-off versus Patrick Marleau in neutral zone.
17:28 of 2nd period - Wojtek Wolski is hit by Dustin Brown and loses puck.
17:32 of 2nd period - Shot by Dustin Brown.
17:32 of 2nd period - Stopped by Jose Theodore without a rebound.
17:33 of 2nd period - Tyler Arnason wins face-off versus Patrick Marleau in Avalanche zone.
17:50 of 2nd period - Shot by Dustin Brown.
17:50 of 2nd period - Goal by Dustin Brown.
17:51 of 2nd period - Joe Sakic wins face-off versus Curtis Brown in neutral zone.
18:05 of 2nd period - Minor Penalty to Steve Bernier for High sticking.
18:06 of 2nd period - Pierre Turgeon wins face-off versus Joe Thornton in Avalanche zone.

Period #3

0:01 of 3rd period - Vyacheslav Kozlov wins face-off versus Curtis Brown in neutral zone.
0:04 of 3rd period - Shot by Joe Sakic.
0:04 of 3rd period - Shot Misses the Net.
0:07 of 3rd period - Shot by Peter Bondra.
0:07 of 3rd period - Shot Misses the Net.
0:10 of 3rd period - Shot by Wojtek Wolski.
0:10 of 3rd period - Shot Misses the Net.
0:15 of 3rd period - Shot by Tyler Arnason.
0:15 of 3rd period - Stopped by Rick DiPietro without a rebound.
0:16 of 3rd period - Joe Thornton wins face-off versus Joe Sakic in Sharks zone.
0:16 of 3rd period - Scott Hannan is hit by Joe Sakic and loses puck.
0:30 of 3rd period - Shot by Jonathan Cheechoo.
0:30 of 3rd period - Stopped by Jose Theodore without a rebound.
0:31 of 3rd period - Ales Kotalik wins face-off versus Dustin Brown in Avalanche zone.
0:31 of 3rd period - Vyacheslav Kozlov is hit by Dustin Brown and loses puck.
0:49 of 3rd period - Shot by Pierre Turgeon.
0:49 of 3rd period - Shot Misses the Net.
0:52 of 3rd period - Shot by Vyacheslav Kozlov.
0:52 of 3rd period - Stopped by Rick DiPietro without a rebound.
0:53 of 3rd period - Joe Thornton wins face-off versus Joe Sakic in Sharks zone.
1:32 of 3rd period - Shot by Mike York.
1:32 of 3rd period - Stopped by Rick DiPietro without a rebound.
1:33 of 3rd period - Patrick Marleau wins face-off versus Pierre Turgeon in Sharks zone.
1:52 of 3rd period - Shot by Markus Naslund.
1:52 of 3rd period - Stopped by Jose Theodore with a rebound.
2:11 of 3rd period - Shot by Ales Kotalik.
2:11 of 3rd period - Stopped by Rick DiPietro with a rebound.
2:14 of 3rd period - Shot by Ales Kotalik.
2:14 of 3rd period - Shot Misses the Net.
2:55 of 3rd period - Shot by Peter Bondra.
2:55 of 3rd period - Shot Misses the Net.
3:00 of 3rd period - Shot by Alyn McCauley.
3:00 of 3rd period - Shot Misses the Net.
3:01 of 3rd period - Shot by Curtis Brown.
3:01 of 3rd period - Shot Hit the Post.
3:02 of 3rd period - Shot by Barret Jackman.
3:02 of 3rd period - Shot Misses the Net.
3:26 of 3rd period - Mike York is hit by Jonathan Cheechoo and loses puck.
3:56 of 3rd period - Shot by Milan Michalek.
3:56 of 3rd period - Stopped by Jose Theodore without a rebound.
3:57 of 3rd period - Pierre Turgeon wins face-off versus Patrick Marleau in Avalanche zone.
4:59 of 3rd period - Steve Konowalchuk is hit by Barret Jackman and loses puck.
5:02 of 3rd period - Minor Penalty to Niklas Kronwall for Diving.
5:03 of 3rd period - Joe Sakic wins face-off versus Curtis Brown in Sharks zone.
5:52 of 3rd period - Shot by Mike York.
5:52 of 3rd period - Shot Blocked by Matt Carle.
5:58 of 3rd period - Icing by Ossi Vaananen.
5:59 of 3rd period - Joe Thornton wins face-off versus Pierre Turgeon in Avalanche zone.
6:06 of 3rd period - Shot by Joe Thornton.
6:06 of 3rd period - Shot Blocked by Jordan Leopold.
6:45 of 3rd period - Shot by Joe Sakic.
6:45 of 3rd period - Stopped by Rick DiPietro with a rebound.
7:07 of 3rd period - Off-side.
7:08 of 3rd period - Tyler Arnason wins face-off versus Joe Thornton in neutral zone.
7:16 of 3rd period - Icing by Kyle McLaren.
7:17 of 3rd period - Steve Konowalchuk wins face-off versus Joe Thornton in Sharks zone.
7:21 of 3rd period - Brett McLean is hit by Joe Thornton and loses puck.
8:19 of 3rd period - Shot by Peter Bondra.
8:19 of 3rd period - Shot Blocked by Richard Jackman.
8:22 of 3rd period - Shot by Jaroslav Spacek.
8:22 of 3rd period - Shot Blocked by Matt Carle.
8:25 of 3rd period - Shot by Tyler Arnason.
8:25 of 3rd period - Shot Misses the Net.
8:26 of 3rd period - Shot by Jaroslav Spacek.
8:26 of 3rd period - Shot Blocked by Richard Jackman.
8:31 of 3rd period - Shot by Tyler Arnason.
8:31 of 3rd period - Shot Blocked by Richard Jackman.
8:32 of 3rd period - Shot by Karlis Skrastins.
8:32 of 3rd period - Stopped by Rick DiPietro without a rebound.
8:33 of 3rd period - Joe Sakic wins face-off versus Curtis Brown in Sharks zone.
8:36 of 3rd period - Shot by Mike York.
8:36 of 3rd period - Stopped by Rick DiPietro without a rebound.
8:37 of 3rd period - Curtis Brown wins face-off versus Joe Sakic in Sharks zone.
8:39 of 3rd period - Steve Bernier is hit by Joe Sakic and loses puck.
8:56 of 3rd period - Icing by Barret Jackman.
8:57 of 3rd period - Pierre Turgeon wins face-off versus Curtis Brown in Sharks zone.
9:31 of 3rd period - Minor Penalty to Scott Hannan for Delaying the game.
9:32 of 3rd period - Joe Thornton wins face-off versus Joe Sakic in Sharks zone.
10:50 of 3rd period - Icing by Ales Kotalik.
10:51 of 3rd period - Joe Thornton wins face-off versus Pierre Turgeon in Avalanche zone.
10:58 of 3rd period - Shot by Mike Grier.
10:58 of 3rd period - Stopped by Jose Theodore without a rebound.
10:59 of 3rd period - Curtis Brown wins face-off versus Ales Kotalik in Avalanche zone.
11:09 of 3rd period - Icing by Jordan Leopold.
11:10 of 3rd period - Pierre Turgeon wins face-off versus Curtis Brown in Avalanche zone.
12:07 of 3rd period - Shot by Wojtek Wolski.
12:07 of 3rd period - Shot Blocked by Scott Hannan.
12:19 of 3rd period - Minor Penalty to Barret Jackman for Cross-checking.
12:20 of 3rd period - Pierre Turgeon wins face-off versus Curtis Brown in neutral zone.
13:21 of 3rd period - Shot by Joe Sakic.
13:21 of 3rd period - Shot Misses the Net.
14:04 of 3rd period - Shot by Brett McLean.
14:04 of 3rd period - Stopped by Rick DiPietro without a rebound.
14:05 of 3rd period - Markus Naslund wins face-off versus Ales Kotalik in Sharks zone.
14:13 of 3rd period - Icing by Brett Clark.
14:14 of 3rd period - Patrick Marleau wins face-off versus Marek Svatos in Avalanche zone.
14:22 of 3rd period - Wojtek Wolski is hit by Steve Bernier and loses puck.
14:37 of 3rd period - Major Penalty to Steve Bernier for Checking from behind.
14:38 of 3rd period - Pierre Turgeon wins face-off versus Joe Thornton in Sharks zone.
14:53 of 3rd period - Shot by Ales Kotalik.
14:53 of 3rd period - Stopped by Rick DiPietro without a rebound.
14:54 of 3rd period - Patrick Marleau wins face-off versus Joe Sakic in Sharks zone.
15:19 of 3rd period - Shot by Marek Svatos.
15:19 of 3rd period - Stopped by Rick DiPietro without a rebound.
15:20 of 3rd period - Joe Thornton wins face-off versus Pierre Turgeon in Sharks zone.
16:18 of 3rd period - Icing by Alexei Zhitnik.
16:19 of 3rd period - Curtis Brown wins face-off versus Joe Sakic in Avalanche zone.
16:22 of 3rd period - Shot by Alyn McCauley.
16:22 of 3rd period - Stopped by Jose Theodore without a rebound.
16:23 of 3rd period - Alyn McCauley wins face-off versus Joe Sakic in Avalanche zone.
19:26 of 3rd period - Shot by Marek Svatos.
19:26 of 3rd period - Shot Misses the Net.
19:54 of 3rd period - Jonathan Cheechoo is hit by Jaroslav Spacek and loses puck.

Overtime #1

0:01 of 1st overtime period - Joe Thornton wins face-off versus Joe Sakic in neutral zone.
0:03 of 1st overtime period - Scott Hannan is hit by Brett Clark and loses puck.
0:27 of 1st overtime period - Shot by Brett Clark.
0:27 of 1st overtime period - Stopped by Rick DiPietro without a rebound.
0:28 of 1st overtime period - Patrick Marleau wins face-off versus Mike York in Sharks zone.
1:14 of 1st overtime period - Icing by Jordan Leopold.
1:15 of 1st overtime period - Joe Thornton wins face-off versus Mike York in Avalanche zone.
1:15 of 1st overtime period - Scott Hannan is hit by Ossi Vaananen and loses puck.
1:25 of 1st overtime period - Shot by Jonathan Cheechoo.
1:25 of 1st overtime period - Stopped by Jose Theodore without a rebound.
1:26 of 1st overtime period - Joe Sakic wins face-off versus Joe Thornton in Avalanche zone.
1:33 of 1st overtime period - Shot by Joe Sakic.
1:33 of 1st overtime period - Stopped by Rick DiPietro without a rebound.
1:34 of 1st overtime period - Joe Thornton wins face-off versus Joe Sakic in Sharks zone.
2:05 of 1st overtime period - Shot by Joe Sakic.
2:05 of 1st overtime period - Stopped by Rick DiPietro with a rebound.
2:06 of 1st overtime period - Shot by Brett Clark.
2:06 of 1st overtime period - Stopped by Rick DiPietro without a rebound.
2:07 of 1st overtime period - Patrick Marleau wins face-off versus Mike York in Sharks zone.
3:01 of 1st overtime period - Icing by Joe Thornton.
3:02 of 1st overtime period - Joe Sakic wins face-off versus Joe Thornton in Sharks zone.
3:09 of 1st overtime period - Shot by Joe Sakic.
3:09 of 1st overtime period - Stopped by Rick DiPietro with a rebound.
3:14 of 1st overtime period - Shot by Jonathan Cheechoo.
3:14 of 1st overtime period - Goal by Jonathan Cheechoo.


Output by the SimonT Hockey Simulator (STHS) for Stephane Roy -- Original Page W3C XHTML 1.0 Valid